 Dungeon Crawl Stone Soup version 0.24-a0-499-g1074bba3cf (webtiles) character file.

Game seed: 11391473485493619559

1035 KristoblXynda the Slasher (level 8, -2/68 HPs)
             Began as a Black Draconian Gladiator on July 14, 2019.
             Slain by a gnoll
             ... wielding a +0 halberd of venom
              (8 damage)
             ... on level 4 of the Dungeon.
             The game lasted 00:08:14 (4326 turns).

KristoblXynda the Slasher (DrGl)                    Turns: 4326, Time: 00:08:15

Health: -2/68      AC:  7    Str: 16    XL:     8   Next: 3%
Magic:  8/8        EV: 15    Int: 10    God:
Gold:   169        SH:  0    Dex: 14    Spells: 7/7 levels left

rFire    . . .     SeeInvis .   a - +0 long sword
rCold    . . .     Gourm    .   (no shield)
rNeg     . . .     Faith    .   (armour unavailable)
rPois    .         Spirit   .   b - +0 hat
rElec    +         Reflect  .   (no cloak)
rCorr    .         Harm     .   (no gloves)
MR       .....                  s - +0 pair of boots
Stlth    +.........             (no amulet)
HPRegen  0.21/turn              (no ring)
MPRegen  0.11/turn              (no ring)

@: lethally poisoned (-2 -> -15), short of breath
A: breathe lightning, unfitting armour, electricity resistance, cold-blooded, AC
+6
a: Breathe Lightning


You were on level 4 of the Dungeon.
You were very hungry.

You visited 1 branch of the dungeon, and saw 4 of its levels.
You also visited: Sewer.

You collected 169 gold pieces.

Inventory:

Hand Weapons
 a - a +0 long sword (weapon)
Missiles
 c - 2 throwing nets (quivered)
Armour
 b - a +0 hat (worn)
 s - a +0 pair of boots (worn)
Jewellery
 j - an uncursed ring of ice
Wands
 e - a wand of digging (7)
Scrolls
 g - 2 scrolls of teleportation
 h - 7 scrolls of remove curse
 m - a scroll of amnesia
 n - 2 scrolls of enchant armour {unknown}
 o - a scroll of random uselessness {unknown}
 p - 2 scrolls of blinking {unknown}
Potions
 f - a potion of agility
 k - a potion of brilliance
 q - a potion of mutation
 r - 2 potions of flight
Comestibles
 d - 10 rations


   Skills:
 + Level 5.3 Fighting
 * Level 7.2 Long Blades
 - Level 2.0 Throwing
 + Level 5.0 Dodging


You had 7 spell levels left.
You didn't know any spells.
Your spell library contained the following spells:

 Spells                   Type           Power        Failure   Level  Hunger
 Malign Gateway           Summ/Tloc      #.........   100%        7    #######
 Monstrous Menagerie      Summ           #.........   100%        7    #######
 Summon Greater Demon     Summ           #.........   100%        7    #######
 Summon Horrible Things   Summ           #.........   100%        8    #######


Dungeon Overview and Level Annotations

Branches:
Dungeon (4/15)
 Temple: D:4-7

Altars:
Makhleb

Annotations:
D:4 1 transporter


Innate Abilities, Weirdness & Mutations

You can breathe wild blasts of lightning.
Your glossy black scales are hard. (AC +6)
You cannot fit into any form of body armour.
You are resistant to electric shocks. (rElec)
You are cold-blooded and may be slowed by cold attacks.


Message History

You rip the net and break free!
* * * LOW HITPOINT WARNING * * *
You feel sick. The gnoll closely misses you.
The gnoll hits you but does no damage.
You barely miss the gnoll.
The gnoll is almost dead.
* * * LOW HITPOINT WARNING * * *
You feel sick. The gnoll barely misses you. The gnoll closely misses you.
You barely miss the gnoll.
The gnoll is almost dead.
* * * LOW HITPOINT WARNING * * *
You feel sick. The gnoll barely misses you. The gnoll closely misses you.
You barely miss the gnoll.
The gnoll is almost dead.
* * * LOW HITPOINT WARNING * * *
You feel sick. The gnoll closely misses you.
You riposte.
You barely miss the gnoll.
The gnoll is almost dead.
The gnoll hits you from afar with a +0 halberd of venom!
You die...

....# #....)................
###.#########.###...####..#######
#.....................)......#
#..≈≈≈≈≈≈≈≈≈≈≈...≈≈≈≈≈≈≈≈≈≈≈.#
#..≈≈≈≈≈≈≈≈≈≈≈...≈≈≈≈≈≈≈≈≈≈≈.#
#..≈≈#####...........#####≈≈.#
#..≈≈#g..#.###.©.###.#...#≈≈.#
#..≈≈#...###©#####.###..)#≈≈.#
#..≈≈###......@..)...$.###≈≈.#
#..≈≈.8#.##'###g######.#8.≈≈.#
###..≈≈.##.#...#.g8# .$#.##.≈≈.#
.....≈≈.#..'...g.©⌠# $'gg#.≈≈.#
##.#.≈≈.##.#...#..8# #g##.≈≈.#
#...≈≈.8#.##'###'######.#8.≈≈.#
#...≈≈###...............###≈≈.#
#.#.≈≈#...###.#####.###...#≈≈.#
##.#.≈≈#...#.###.©.###.#g.g#≈≈.#


You could see 2 gnolls.

Vanquished Creatures
  Edmund (D:4)
  Duvessa (D:4)
  Purgy (Sewer)
  2 scorpions (D:4)
  Dowan (D:4)
  A bullfrog zombie (D:3)
  An orc priest (D:3)
  3 hounds (D:4)
  Natasha (thrice) (D:4)
  Terence (D:3)
  2 iguanas (D:4)
  2 worker ants
  8 gnolls
  5 adders
  4 worms
  3 dart slugs
  3 leopard geckos
  14 orcs
  7 giant cockroaches
  5 goblins
  4 hobgoblins (D:1)
  3 jackals (D:2)
  8 kobolds
  9 bats
  5 frilled lizards
  11 rats
108 creatures vanquished.

Vanquished Creatures (others)
  6 plants (D:4)
6 creatures vanquished.

Grand Total: 114 creatures vanquished

Notes
Turn   | Place    | Note
-------+----------+-------------------------------------------
     0 | D:1      | KristoblXynda the Draconian Gladiator began the quest for
                  | the Orb.
     0 | D:1      | Reached XP level 1. HP: 17/17 MP: 1/1
   194 | D:1      | Reached XP level 2. HP: 23/24 MP: 2/2
   487 | D:1      | Reached XP level 3. HP: 27/30 MP: 3/3
  1109 | D:2      | Reached skill level 4 in Long Blades
  1318 | D:3      | Found a glowing drain.
  1327 | D:3      | Reached XP level 4. HP: 34/37 MP: 4/4
  1414 | Sewer    | Entered a sewer
  1419 | Sewer    | Noticed Purgy
  1434 | Sewer    | Killed Purgy
  1434 | Sewer    | Reached XP level 5. HP: 12/45 MP: 5/5
  2259 | D:3      | Reached skill level 5 in Long Blades
  2467 | D:3      | Reached XP level 6. HP: 50/52 MP: 6/6
  2750 | D:3      | Noticed Terence
  2758 | D:3      | Killed Terence
  3035 | D:4      | Found a transporter.
  3044 | D:4      | Found a transporter.
  3098 | D:4      | Noticed Natasha
  3126 | D:4      | Killed Natasha
  3126 | D:4      | Reached skill level 6 in Long Blades
  3126 | D:4      | Your scales start taking on a glossy black colour.
  3126 | D:4      | Reached XP level 7. HP: 23/60 MP: 7/7
  3126 | D:4      | Gained mutation: You are resistant to electric shocks.
                  | (rElec) [Black Draconian growth]
  3434 | D:4      | Noticed Edmund
  3456 | D:4      | Killed Edmund
  3476 | D:4      | Noticed Natasha
  3484 | D:4      | Killed Natasha
  3651 | D:4      | Noticed Duvessa
  3651 | D:4      | Noticed Dowan
  3657 | D:4      | Killed Dowan
  3657 | D:4      | Reached skill level 5 in Fighting
  3881 | D:4      | Noticed Natasha
  3890 | D:4      | Killed Natasha
  3978 | D:4      | Found a burning altar of Makhleb.
  3993 | D:4      | Reached skill level 7 in Long Blades
  4077 | D:4      | Killed Duvessa
  4077 | D:4      | Reached skill level 5 in Dodging
  4077 | D:4      | Reached XP level 8. HP: 10/68 MP: 8/8
  4326 | D:4      | Slain by a gnoll

Levels and vault maps discovered:
D:1:      wheals_arrival_linesprint, layout_basic, serial_bayou_lagoon_b
D:2:      layout_loops_cross
D:3:      layout_loops_ring, gup_sewer_entry_glass, uniq_terence
D:4:      layout_loops_ring, makhleb_heckhound_becter,
          gammafunk_ghost_gnarly_gnolls, first_ration, uniq_edmund,
          uniq_duvessa, uniq_natasha

Skill      XL: |  1  2  3  4  5  6  7 |
---------------+----------------------+-----
Throwing       | 2 |  2.0
Dodging        | 3 4 5 |  5.0
Long Blades    | 4 5 6 7 |  7.2
Fighting       | 3 4 5 |  5.3

Action                   |  1- 3 |  4- 6 |  7- 9 || total
-------------------------+-------+-------+-------++-------
Melee: Long sword        |    74 |   173 |    79 ||   326
       Tailslap          |    11 |    31 |    23 ||    65
Throw: Throwing net      |       |     3 |     1 ||     4
 Abil: Breathe Lightning |       |       |     5 ||     5
  Use: Potion            |       |     1 |     1 ||     2
       Scroll            |       |     6 |     2 ||     8
 Stab: Held in net/web   |       |     1 |       ||     1
       Sleeping          |       |     3 |       ||     3
  Eat: Chunk             |     1 |     6 |     4 ||    11
Armor: Skin              |    18 |    50 |    13 ||    81
Dodge: Dodged            |    60 |   132 |    66 ||   258
       Rpst.: Long sword |    22 |    38 |    25 ||    85

Table legend:
 A = Non-vault XP
 B = Vault XP
 C = Vault XP percentage of total XP
 D = Non-vault monster count
 E = Vault monster count
 F = Vault count percentage of total count
                 A         B        C        D         E       F
            +---------+---------+-------+---------+---------+-------
      Total |     772 |     707 |  47.8 |      90 |      18 |  16.7
            +---------+---------+-------+---------+---------+-------
        D:1 |      49 |       0 |   0.0 |      17 |       0 |   0.0
        D:2 |      37 |       0 |   0.0 |      20 |       0 |   0.0
        D:3 |     254 |      53 |  17.3 |      34 |       4 |  10.5
        D:4 |     432 |     511 |  54.2 |      19 |       8 |  29.6
      Sewer |       0 |     143 | 100.0 |       0 |       6 | 100.0
            +---------+---------+-------+---------+---------+-------
